 Dungeon Crawl Stone Soup version 0.31-a0-210-gccc998df9b (webtiles) character file.

Game seed: 16481004913705377233

11 funkygono the Trooper (level 2, 0/27 HPs)
             Began as a Minotaur Fighter on June 29, 2023.
             Slain by Sigmund
             ... wielding a +0 scythe
              (4 damage)
             ... on level 2 of the Dungeon.
             The game lasted 00:00:11 (141 turns).

funkygono the Trooper (Minotaur Fighter)             Turns: 141, Time: 00:00:12

Health: 0/27       AC:  7    Str: 20    XL:     2   Next: 17%
Magic:  1/1        EV:  9    Int:  5    God:
Gold:   20         SH:  4    Dex:  9    Spells: 1/1 levels left

rFire   . . .        a - +0 war axe
rCold   . . .        c - +0 buckler
rNeg    . . .        b - +0 scale mail
rPois   .            (helmet restricted)
rElec   .            (no cloak)
rCorr   .            (no gloves)
SInv    .            (no boots)
Will    .....        (no amulet) Stlth
                     (no ring)
HPRegen 0.24/turn    (no ring)
MPRegen 0.07/turn

%: no passive effects
@: no status effects
A: horns 2, retaliatory headbutt
a: no special abilities


You were on level 2 of the Dungeon.
You visited 1 branch of the dungeon, and saw 2 of its levels.

You collected 20 gold pieces.

Inventory:

Hand Weapons
 a - a +0 war axe (weapon)
Armour
 b - a +0 scale mail (worn)
 c - a +0 buckler (worn)
Scrolls
 f - a scroll of enchant armour {unknown}
Potions
 d - a potion of might
 e - a potion of magic {unknown}


   Skills:
 + Level 3.9 Fighting
 + Level 2.6 Axes
 + Level 3.9 Armour
 + Level 3.9 Shields


You had one spell level left.
You didn't know any spells.
Your spell library was empty.

Dungeon Overview and Level Annotations

Branches:
Dungeon (1/15)

Altars:

Annotations:
D:2 Sigmund


Innate Abilities, Weirdness & Mutations

You have a pair of horns on your head.
You reflexively headbutt those who attack you in melee.


Message History

The shaft crumbles and collapses.
Found a scale mail.
You see here a +0 scale mail.
An adder comes into view.
The adder hisses angrily.
The adder closely misses you. You furiously retaliate!
You headbutt the adder!
You kill the adder!
You have reached level 2!
f - a scroll labelled HIUHYR NERIEJEH You now have 20 gold pieces (gained 14).
Sigmund the Dreaded comes into view.
He is wielding a +0 scythe and carrying a wand of flame (16).
Sigmund shouts!
Sigmund zaps a wand.
You block the puff of flame. Sigmund looks at you with fury.
Sigmund drinks a potion.
Sigmund's spells are empowered!
Sigmund mumbles some strange words.
Sigmund flickers and vanishes!
Deactivating autopickup; reactivate with Ctrl-A.
You closely miss something. Your headbutt misses something.
You block something's attack.
You closely miss something. Something hits you but does no damage.
You closely miss something. Your headbutt misses something. Something hits you!
You miss something. You headbutt something!
Something hits you but does no damage.
You barely miss something.
You hear a zap.
A puff of flame appears from out of thin air!
The puff of flame hits you.
You miss something. Something hits you.
You miss something. Your headbutt misses something.
Something hits you but does no damage.
You slash something! You block something's attack.
You closely miss something. Something hits you but does no damage.
You closely miss something.
You hear some strange, mumbled words.
A puff of flame appears from out of thin air!
The puff of flame hits you!
* * * LOW HITPOINT WARNING * * *
You barely miss something. Your headbutt misses something. Something hits you.
You die...

#.# #....#.#
#.# #.##.#.#
#.####.##.#.# #
#......##.#.#
#.#########.#.#
#.#.........#.#
#.......#####.#
###.###.#####.#
#@# #[......#
#..{# #.#######
##### #.# ###


There were no monsters in sight!

Vanquished Creatures
  An adder (D:2)
  A giant cockroach (D:1)
  2 kobolds (D:1)
4 creatures vanquished.

Notes
Turn   | Place    | Note
-------+----------+-------------------------------------------
     0 | D:1      | funkygono the Minotaur Fighter began the quest for the Orb.
     0 | D:1      | Reached XP level 1. HP: 19/19 MP: 0/0
    70 | D:1      | You fall into a shaft and drop 1 floor!
    76 | D:2      | Reached XP level 2. HP: 27/27 MP: 1/1
   128 | D:2      | Noticed Sigmund
   141 | D:2      | Slain by Sigmund

Illustrated notes

Levels and vault maps discovered:
D:1:      nicolae_arrival_washed_ashore, layout_loops_corners
D:2:      layout_basic, kennysheep_generic_room_12, uniq_jessica, uniq_sigmund

Action                     || total
---------------------------++-------
  Melee: War axe           ||    14
         Headbutt          ||     1
 Armour: Scale mail        ||     7
  Dodge: Dodged            ||     3
  Block: Buckler           ||     4

Table legend: (Time is in decaauts)
 A = Elapsed time spent in this place.
 B = Non-inter-level travel time spent in this place.
 C = Inter-level travel time spent in this place.
 D = Time resting spent in this place.
 E = Time spent auto-exploring this place.
 F = Levels seen in this place.
 G = Mean time per level.
                   A        B        C        D        E       F      G
               +--------+--------+--------+--------+--------+-----+--------+
         Total |    146 |    146 |      0 |      0 |    116 |   2 |   73.0 |
       Dungeon |    146 |    146 |      0 |      0 |    116 |   2 |   73.0 |
               +--------+--------+--------+--------+--------+-----+--------+

Top non-repeatable levels by time:
     D:2: 74 daAuts
     D:1: 71 daAuts
